 Dungeon Sprint DCSS version 0.30.1-9-gdf580d7c3d (webtiles) character file.

Game seed: 11292925248887273976

2843 Heoruswealwe the Impaler (level 9, -16/93 HPs)
             Began as a Minotaur Fighter on Oct 25, 2023.
             Was an Initiate of Gozag.
             Demolished by a red ugly thing (23 damage)
             ... in the Dungeon (Sprint IX: "|||||||||||||||||||||||||||||").
             The game lasted 00:04:13 (362 turns).

Heoruswealwe the Impaler (Minotaur Fighter)          Turns: 362, Time: 00:04:15

Health: -16/93     AC: 22    Str: 26    XL:     9   Next: 46%
Magic:  8/8        EV: 13    Int:  5    God:    Gozag
Gold:   513        SH:  0    Dex:  9    Spells: 8/8 levels left

rFire   . . .        b - +2 halberd (protect)
rCold   . . .        (shield currently unavailable)
rNeg    . . .        c - +1 chain mail
rPois   .            (helmet restricted)
rElec   .            h - +0 cloak
rCorr   .            (no gloves)
SInv    .            (no boots)
Will    .....        (no amulet) Stlth
                     k - +2 ring of evasion
HPRegen 0.35/turn    j - +2 ring of evasion
MPRegen 0.11/turn

%: no teleportation
@: under a protective aura
A: horns 2, retaliatory headbutt
a: Renounce Religion, Potion Petition, Call Merchant, Bribe Branch


You were in the Dungeon.
You worshipped Gozag.
Gozag was pleased with you.
You visited 1 branch You collected 513 gold pieces.

Inventory:

Hand Weapons
 a - a +0 trident
 b - a +2 halberd of protection (weapon)
Armour
 c - a +1 chain mail (worn)
 d - a +0 buckler
 h - a +0 cloak (worn)
Jewellery
 j - a +2 ring of evasion (right hand)
 k - a +2 ring of evasion (left hand)
Wands
 l - a wand of acid (10)
Scrolls
 n - 2 scrolls of blinking
Potions
 e - 4 potions of curing
 g - a potion of haste
 i - a potion of berserk rage
 m - a potion of might


   Skills:
 + Level 13.6 Fighting
 * Level 18.2 Polearms
 + Level 13.6 Armour
 - Level 3.6 Shields


You had 8 spell levels left.
You didn't know any spells.
Your spell library was empty.

Dungeon Overview and Level Annotations

Branches:
Dungeon (1/1)

Altars:
Cheibriados
Dithmenos
Elyvilon
Fedhas
Gozag
Hepliaklqana
Kikubaaqudgha
Makhleb
Nemelex Xobeh
Okawaru
Qazlal
Ru
Sif Muna
Trog
Uskayaw
Vehumet
Wu Jian
Xom
Yredelemnul
Zin
The Shining One
Jiyva
Lugonu


Innate Abilities, Weirdness & Mutations

You have a pair of horns on your head.
You reflexively headbutt those who attack you in melee.


Message History

You reach to attack!
You closely miss the red ugly thing.
The red ugly thing is distracted by your dazzling golden aura.
Reach: b) +2 halberd (protect)
Press: ? - help, Dir - move target, f/p - red ugly thing
Aim: a red ugly thing (unaware, hasn't noticed you, about 32% to evade your +2 halberd of protection)
You reach to attack!
The red ugly thing gurgles horribly!
You puncture the red ugly thing!
The red ugly thing is no longer distracted by gold.
The red ugly thing is moderately wounded.
The boulder beetle curls into a ball and begins rolling!
You barely miss the red ugly thing.
Your headbutt misses the red ugly thing.
The red ugly thing is moderately wounded.
The red ugly thing tail-slaps you!
You are engulfed in flames!
* * * LOW HITPOINT WARNING * * *
You barely miss the red ugly thing.
Your headbutt misses the red ugly thing.
The red ugly thing is moderately wounded.
The boulder beetle stops rolling and uncurls.
You closely miss the red ugly thing.
Your headbutt misses the red ugly thing.
The red ugly thing is moderately wounded.
The red ugly thing barely misses you.
You hit the red ugly thing.
The red ugly thing is moderately wounded.
The boulder beetle is distracted by your dazzling golden aura.
The red ugly thing tail-slaps you but does no damage.
You slash the red ugly thing!
The red ugly thing is heavily wounded.
The red ugly thing tail-slaps you but does no damage.
You hit the red ugly thing.
The red ugly thing is heavily wounded.
You puncture the red ugly thing! You headbutt the red ugly thing!
The red ugly thing is severely wounded.
The red ugly thing tail-slaps you!
* * * LOW HITPOINT WARNING * * *
You are engulfed in flames!!
You die...
Your body crumbles into a pile of gold.

▓.▓
$
▓'▓
▓.▓
$
▓)▓
$
▓.▓
$ $
▓.▓
$
▓.▓
$
▓.▓
▓@▓
▓u▓
▓B▓
▓.▓
▓.▓
▓.▓
▓.▓
▓+▓


You could see a boulder beetle and a red ugly thing.

Vanquished Creatures
  A centaur warrior (D)
  2 ugly things (D)
  An unseen horror (D)
  A kobold demonologist (D)
  A troll (D)
  A hornet (D)
  A shadow (D)
  A vampire mosquito (D)
  An acid dragon (D)
  A water moccasin (D)
  An iguana (D)
  An adder (D)
  2 orcs (D)
  An endoplasm (D)
  2 quokkas (D)
  A frilled lizard (D)
  A rat (D)
20 creatures vanquished.

Notes
Turn   | Place    | Note
-------+----------+-------------------------------------------
     0 | D        | Heoruswealwe the Minotaur Fighter began the quest for the
                  | Orb.
     0 | D        | Reached XP level 1. HP: 19/19 MP: 0/0
     8 | D        | Reached skill level 3 in Polearms
    21 | D        | Noticed a water moccasin
    21 | D        | Noticed an iguana
    23 | D        | Reached skill level 4 in Polearms
    31 | D        | Killed a water moccasin
    32 | D        | Reached skill level 8 in Polearms
    32 | D        | Reached XP level 2. HP: 17/31 MP: 1/1
    32 | D        | Reached XP level 3. HP: 21/38 MP: 2/2
    32 | D        | Reached XP level 4. HP: 24/45 MP: 3/3
    38 | D        | Reached skill level 9 in Polearms
    38 | D        | Reached XP level 5. HP: 22/52 MP: 4/4
    44 | D        | Found a snail-covered altar of Cheibriados.
    44 | D        | Found a shadowy altar of Dithmenos.
    44 | D        | Found a white marble altar of Elyvilon.
    44 | D        | Found a blossoming altar of Fedhas.
    44 | D        | Found an opulent altar of Gozag.
    45 | D        | Found a hazy altar of Hepliaklqana.
    46 | D        | Found a viscous altar of Jiyva.
    47 | D        | Found an ancient bone altar of Kikubaaqudgha.
    48 | D        | Found a corrupted altar of Lugonu.
    49 | D        | Found a burning altar of Makhleb.
    50 | D        | Found a sparkling altar of Nemelex Xobeh.
    51 | D        | Found an iron altar of Okawaru.
    52 | D        | Found a stormy altar of Qazlal.
    54 | D        | Became a worshipper of Gozag Ym Sagoz the Greedy
    56 | D        | Found a sacrificial altar of Ru.
    57 | D        | Found a shimmering blue altar of Sif Muna.
    58 | D        | Found a bloodstained altar of Trog.
    59 | D        | Found a hide-covered altar of Uskayaw.
    60 | D        | Found a radiant altar of Vehumet.
    61 | D        | Found an ornate altar of the Wu Jian Council.
    62 | D        | Found a shimmering altar of Xom.
    63 | D        | Found a basalt altar of Yredelemnul.
    64 | D        | Found a glowing silver altar of Zin.
    65 | D        | Found a glowing golden altar of the Shining One.
   146 | D        | Noticed a shadow
   146 | D        | Noticed a hornet
   146 | D        | Noticed a troll
   146 | D        | Noticed a kobold demonologist
   146 | D        | Noticed an acid dragon
   146 | D        | Noticed a vampire mosquito
   154 | D        | Killed a shadow
   155 | D        | Reached skill level 11 in Polearms
   155 | D        | Reached XP level 6. HP: 35/62 MP: 5/5
   159 | D        | Killed a hornet
   160 | D        | Reached skill level 12 in Polearms
   162 | D        | Killed a troll
   163 | D        | Reached skill level 10 in Fighting
   163 | D        | Reached skill level 13 in Polearms
   163 | D        | Reached skill level 10 in Armour
   163 | D        | Reached XP level 7. HP: 39/73 MP: 6/6
   171 | D        | Killed a kobold demonologist
   172 | D        | Reached skill level 14 in Polearms
   177 | D        | Reached XP level 8. HP: 38/82 MP: 7/7
   180 | D        | Reached skill level 15 in Polearms
   311 | D        | Noticed a green ugly thing
   311 | D        | Noticed a red ugly thing
   311 | D        | Noticed a centaur warrior
   311 | D        | Noticed a red ugly thing
   311 | D        | Noticed a boulder beetle
   317 | D        | Killed a green ugly thing
   318 | D        | Reached skill level 16 in Polearms
   336 | D        | Killed an unseen horror
   346 | D        | Killed a red ugly thing
   347 | D        | Reached skill level 17 in Polearms
   347 | D        | Reached XP level 9. HP: 27/93 MP: 8/8
   353 | D        | Killed a centaur warrior
   354 | D        | Reached skill level 18 in Polearms
   362 | D        | Demolished by a red ugly thing

Illustrated notes

Levels and vault maps discovered:
D:        linesprint [early_d, line_temple, items_1, d_10, items_2, lair_1,
          lair_end, items_3, orc_1, orc_end, items_4, d_15, swamp_1, shoals_1,
          snake_1, spider_1, d_20, vaults_1, items_5, swamp_end, shoals_end,
          snake_end, spider_end, vaults_end, d_27, items_6, zot_1, zot_end,
          crypt_end, forest_end, elf_end, slime_end, tomb_end, abyss_end,
          pan_hell_end]

Skill      XL: |  1  2  3  4  5  6  7  8  9 |
---------------+----------------------------+-----
Polearms       | 8 9 11 13 14 17 18 | 18.2
Fighting       | 6 7 8 10 11 13 | 13.6
Armour         | 6 7 8 10 11 13 | 13.6
Shields        | |  3.6

Action                     |  1- 3 |  4- 6 |  7- 9 || total
---------------------------+-------+-------+-------++-------
  Melee: Trident           |    20 |     6 |       ||    26
         Headbutt          |     4 |     3 |     7 ||    14
         Halberd           |       |    15 |    61 ||    76
    Use: Potion            |       |     1 |     3 ||     4
 Armour: Scale mail        |     6 |       |       ||     6
         Chain mail        |       |     6 |    32 ||    38
  Dodge: Dodged            |    10 |     8 |    16 ||    34
  Block: Buckler           |     4 |     1 |       ||     5
